AoeStats
← SiulO1NE

Lombardia

507598107Analyzed
4v4 RM · 14d ago on Sep 18, 2026· 63m 31s· 8 players
Game mode
Random Map
Map size
Large (8 player)
Population
200
Speed
Normal
Resources
Standard
Victory
Conquest
Starting age
Dark Age
Ending age
Imperial Age
RankedLock teamsTeams togetherTeam positionsShared explorationLock speedFull tech treeHidden civsTurbo modeCheats
Victory
Defeat
🇨🇱 Goths · Chile
803
+12
🇨🇳 Chinese · China
797
+13
🇺🇸 Persians · United States
706
+16
🇺🇸 Franks · United States
583
+22
🇧🇷 Britons · Brazil
723
-16
🇹🇷 Burgundians · Türkiye
718
-16
🇵🇱 Turks · Poland
718
-16
🇦🇷 Chinese · Argentina
699
-15
Vico
3:25 Loom
5:27 Double-Bit Axe
13:14 Feudal Age
11:38 Gold Mining
14:15 Bow Saw
19:09 Horse Collar
22:59 Castle Age
21:52 Heavy Plow
22:54 Gold Shaft Mining
22:45 Forging
23:54 Scale Barding Armor
24:57 Husbandry
26:27 Cavalier
29:11 Iron Casting
29:58 Wheelbarrow
30:38 Chain Barding Armor
31:53 Hand Cart
32:24 Crop Rotation
39:41 Imperial Age
38:30 Two-Man Saw
40:36 Paladin
44:21 Blast Furnace
45:05 Town Watch
47:47 Plate Barding Armor
49:24 Pikeman
49:52 Arson
50:10 Squires
Asalen
0:32 Loom
11:35 Feudal Age
12:54 Wheelbarrow
12:05 Double-Bit Axe
12:15 Town Watch
12:15 Horse Collar
12:31 Man-at-Arms
15:08 Stone Mining
18:21 Gold Mining
25:25 Bloodlines
25:32 Forging
25:22 Scale Mail Armor
25:27 Scale Barding Armor
25:13 Fletching
25:23 Padded Archer Armor
25:31 Arson
31:48 Castle Age
32:13 Long Swordsman
32:15 Crossbowman
33:12 Hand Cart
33:10 Bow Saw
33:07 Heavy Plow
33:56 Caravan
34:59 Town Patrol
36:11 Gold Shaft Mining
35:54 Squires
37:14 Fortified Wall
36:44 Treadmill Crane
37:00 Murder Holes
38:02 Husbandry
38:19 Masonry
41:55 Thumb Ring
42:12 Sipahi
46:21 Ballistics
46:38 Iron Casting
46:19 Chain Mail Armor
46:19 Leather Archer Armor
45:59 Bodkin Arrow
46:25 Chain Barding Armor
46:42 Chain Barding Armor
53:15 Imperial Age
55:05 Two-Man Saw
54:36 Architecture
55:08 Blast Furnace
54:39 Plate Mail Armor
54:44 Plate Barding Armor
54:09 Bracer
54:39 Ring Archer Armor
54:33 Conscription
54:51 Hoardings
53:42 Elite Janissary
54:27 Artillery
cap buscapina 58
14:03 Feudal Age
15:39 Double-Bit Axe
15:37 Horse Collar
28:18 Castle Age
27:11 Scale Barding Armor
27:07 Scale Mail Armor
27:17 Forging
31:00 Caravan
31:44 Light Cavalry
34:31 Heavy Plow
34:44 Bow Saw
36:26 Wheelbarrow
40:04 Imperial Age
39:37 Hand Cart
44:30 Two-Man Saw
46:39 Elite Fire Lancer
48:59 Iron Casting
48:40 Chain Mail Armor
48:31 Padded Archer Armor
48:22 Fletching
48:52 Cavalier
49:09 Elite Chu Ko Nu
51:18 Rocketry
55:03 Heavy Rocket Cart
59:05 Fortified Wall
59:57 Chemistry
SiulO1NE
12:19 Feudal Age
14:45 Loom
18:58 Castle Age
16:54 Double-Bit Axe
26:45 Stone Mining
33:21 Imperial Age
31:26 Pikeman
32:54 Gold Mining
33:22 Bow Saw
36:09 Wheelbarrow
35:59 Town Watch
37:30 Horse Collar
38:27 Squires
39:20 Elite Skirmisher
40:29 Conscription
40:23 Heavy Plow
42:43 Ballistics
43:06 Fletching
44:37 Bodkin Arrow
44:43 Scale Mail Armor
46:39 Two-Man Saw
46:16 Chain Mail Armor
48:16 Plate Mail Armor
47:57 Forging
48:35 Halberdier
50:02 Bracer
50:39 Iron Casting
53:10 Man-at-Arms
Kappo
7:35 Loom
13:02 Feudal Age
14:24 Wheelbarrow
14:25 Double-Bit Axe
21:41 Castle Age
19:59 Stone Mining
20:04 Gold Mining
22:40 Hand Cart
22:41 Bow Saw
24:13 Caravan
25:08 Town Watch
30:41 Husbandry
32:06 Scale Barding Armor
32:15 Forging
33:55 Gold Shaft Mining
40:32 Imperial Age
38:20 Light Cavalry
42:51 Town Patrol
43:05 Cavalier
43:37 Arson
43:53 Squires
43:38 Gambesons
44:20 Chain Barding Armor
44:00 Scale Mail Armor
44:36 Iron Casting
46:04 Conscription
45:47 Chivalry
47:26 Masonry
47:51 Coinage
46:48 Paladin
51:18 Plate Barding Armor
51:46 Blast Furnace
53:56 Chain Mail Armor
54:42 Banking
53:47 Pikeman
53:48 Man-at-Arms
56:27 Long Swordsman
56:27 Halberdier
56:37 Elite Throwing Axeman
57:39 #83
57:55 Hoardings
57:54 Architecture
57:21 Murder Holes
Ryreaka
11:02 Feudal Age
9:19 Loom
13:47 Double-Bit Axe
13:44 Horse Collar
22:07 Castle Age
21:15 Wheelbarrow
22:30 Bloodlines
22:14 Gold Mining
22:16 Stone Mining
23:25 Bow Saw
23:18 Heavy Plow
24:12 Stone Shaft Mining
25:08 Gold Shaft Mining
24:58 Husbandry
26:02 Forging
25:59 Scale Barding Armor
29:21 Hand Cart
30:46 Masonry
33:26 Imperial Age
30:47 Town Watch
32:24 Town Patrol
36:19 Two-Man Saw
35:22 Scale Mail Armor
35:44 Chain Barding Armor
36:00 Iron Casting
37:20 Caravan
37:51 Elite War Elephant
39:08 Ballistics
39:20 Architecture
39:51 Chemistry
39:07 Thumb Ring
38:23 Crossbowman
42:42 Blast Furnace
42:33 Kamandaran
42:54 Conscription
43:12 Hoardings
42:48 Citadels
42:08 Light Cavalry
43:15 Murder Holes
44:03 Plate Barding Armor
43:19 Fletching
43:29 Padded Archer Armor
44:49 Sappers
46:10 Leather Archer Armor
45:51 Bodkin Arrow
49:13 Heavy Cavalry Archer
50:22 Parthian Tactics
51:27 Ring Archer Armor
50:58 Scale Mail Armor
52:56 Herbal Medicine
53:14 Fervor
elsapokM
12:17 Feudal Age
16:54 Castle Age
16:07 Stone Mining
17:43 Wheelbarrow
18:39 Horse Collar
26:01 Heavy Plow
26:22 Double-Bit Axe
27:42 Hand Cart
28:14 Anarchy
30:00 Bow Saw
30:11 Gold Mining
30:58 Pikeman
31:39 Squires
34:55 Imperial Age
35:02 Forging
34:53 Scale Mail Armor
35:26 Halberdier
37:39 Iron Casting
38:29 Chain Mail Armor
39:38 Perfusion
38:59 Elite Huskarl
40:48 Blast Furnace
40:57 Capped Ram
45:42 Guilds
45:34 Caravan
47:35 Two-Man Saw
Cizz...1
10:25 Feudal Age
13:46 Double-Bit Axe
16:58 Castle Age
16:25 Fletching
19:42 Crossbowman
20:53 Fletching
23:27 Ballistics
25:50 Stone Mining
25:44 Horse Collar
27:44 Gold Mining
28:34 Wheelbarrow
33:45 Imperial Age
35:39 Hand Cart
36:56 Heavy Plow
37:30 Conscription
37:31 Masonry
37:14 Town Watch
38:39 Stone Shaft Mining
41:37 Gold Shaft Mining
42:29 Heavy Rocket Cart
43:27 Squires
43:49 Forging
45:35 Architecture
46:08 Chemistry
45:58 Town Patrol
45:44 Loom
45:23 Pikeman
46:18 Caravan
47:53 Elite Chu Ko Nu
48:56 Bow Saw
51:11 Fortified Wall
54:03 Two-Man Saw
52:45 Halberdier
53:57 Rocketry
59:41 Bodkin Arrow
59:47 Padded Archer Armor
61:58 Bracer
61:24 Elite Fire Lancer
63:42 Leather Archer Armor
64:05 Iron Casting
63:31 Scale Mail Armor
Connection lost

Rejoining the realm…

Still unreachable

The connection could not be restored.

Session expired

The server has moved on; the page needs a fresh start.